 Dungeon Crawl Stone Soup version 0.30.0-11-gf55b779eaf (webtiles) character file.

Game seed: 923108656637236213

613 dolemite99 the Magician (level 7, -6/45 HPs)
             Began as a Djinni Conjurer on May 17, 2023.
             Was a Priest of Nemelex Xobeh.
             Mangled by Menkaure (12 damage)
             ... on level 4 of the Dungeon.
             The game lasted 00:04:43 (6003 turns).

dolemite99 the Magician (Djinni Conjurer)           Turns: 6003, Time: 00:04:43

Health: -6/45      AC:  4    Str:  4    XL:     7   Next: 73%
Gold:   115        EV: 12    Int: 30    God:    Nemelex Xobeh [***...] SH:  0 Dex:  9

rFire   + + .        o - +2 dagger (venom)
rCold   x . .        (no shield)
rNeg    . . .        a - +0 robe
rPois   ∞            (no helmet)
rElec   .            q - +0 cloak
rCorr   .            e - +0 pair of gloves
SInv    .            (boots unavailable)
Will    .....        (no amulet)
Stlth   +            (no ring)
HPRegen 0.27/turn    (no ring)
MPRegen 0.00/turn

%: infuse magic (-7 HP)
@: flying
A: sickness immunity, fire resistance 2, cold vulnerability 1, float, innate
caster, HP casting, extra vitality 1, clever 2, wild magic 1, MP-powered wands
a: Renounce Religion, Draw Escape, Draw Destruction, Draw Summoning, Triple Draw


You were on level 4 of the Dungeon.
You worshipped Nemelex Xobeh.
Nemelex Xobeh was most pleased with you.
You visited 1 branch of the dungeon, and saw 5 of its levels.

You collected 160 gold pieces.
You spent 45 gold pieces at shops.

Inventory:

Hand Weapons
 d - a +0 short sword
 f - a +0 dagger
 k - a +2 hand axe of flaming
 o - a +2 dagger of venom (weapon)
 t - a +2 short sword of speed
Missiles
 g - 5 boomerangs
 n - 9 poisoned darts
Armour
 a - a +0 robe (worn)
 e - a +0 pair of gloves (worn)
 q - a +0 cloak (worn)
Wands
 u - a wand of flame (24)
Scrolls
 b - 7 scrolls of identify {unknown}
 j - a scroll of blinking {unknown}
 m - 3 scrolls of teleportation {unknown}
 r - a scroll of enchant weapon {unknown}
 s - a scroll of poison {unknown}
 w - a scroll of fog {unknown}
 x - a scroll of vulnerability {unknown}
Potions
 c - a potion of lignification {unknown}
 h - 2 potions of mutation
 l - a potion of attraction {unknown}
 p - a potion of resistance
 v - a potion of haste {unknown}
 z - a potion of might {unknown}


   Skills:
 - Level 2.1 Dodging
 - Level 1.5 Stealth
 - Level 5.6 Spellcasting
 + Level 4.8 Invocations


You knew the following spells:

 Your Spells              Type           Power      Damage    Failure   Level
a - Magic Dart            Conj           100%       1d8       1%          1
b - Searing Ray           Conj           100%       2d8       1%          2
c - Static Discharge      Conj/Air       100%       2-7/arc   1%          2
d - Fulminant Prism       Conj/Hex       26%        3d14      9%          4
e - Iskenderun's Mystic   Conj/Tloc      53%        2d11      9%          4
f - Slow                  Hex            100%       N/A       1%          1
g - Dazzling Flash        Conj/Hex       100%       N/A       3%          3
h - Scorch                Fire           100%       2d9       1%          2
Your spell library was empty.

Dungeon Overview and Level Annotations

Branches:
Dungeon (5/15)
 Temple: D:4-7

Altars:
Nemelex Xobeh
Ru
Trog
Yredelemnul
The Shining One

Shops:
D:4 [

Annotations:
D:2 1 runed translucent door, Crazy Yiuf
D:3 1 runed translucent door
D:4 Menkaure


Innate Abilities, Weirdness & Mutations

You are immune to sickness and miasma.
You are immune to poison.
Your flesh is very heat resistant. (rF++)
You are vulnerable to cold. (rC-)
You float through the air rather than walking.
You learn spells naturally, not from books.
Your magical power is your life essence.
You have superior vitality. (+4 MHP)
Your mind is very acute. (Int +8, Str/Dex -2)
Your spells are a little harder to cast, but a little more powerful.
You expend health (3 HP) to strengthen your wands.


Message History

The lightning grounds out.
* * * LOW HITPOINT WARNING * * *
You start resting.
HP restored.
You start waiting.
Done waiting.
You start waiting.
Done waiting.
You start waiting.
Done waiting.
You fly downwards.
Level annotation: Menkaure Menkaure hits you but does no damage.
There is a stone staircase leading up here.
Menkaure hits you!
You fly upwards.
There is a stone staircase leading down here.
Casting: Static Discharge (safe; 1% risk of failure)
Confirm with . or Enter, or press ? or * to list all spells.
Menkaure is struck by an arc of lightning.
Menkaure is lightly damaged.
You are struck by an arc of lightning.
The lightning grounds out.
Menkaure hits you!!
* * * LOW HITPOINT WARNING * * *
Menkaure barely misses you.
Casting: Static Discharge (safe; 1% risk of failure)
Confirm with . or Enter, or press ? or * to list all spells.
Menkaure is struck by an arc of lightning.
Menkaure is moderately damaged.
You are struck by an arc of lightning.
* * * LOW HITPOINT WARNING * * *
Menkaure is struck by an arc of lightning.
Menkaure is heavily damaged.
You are struck by an arc of lightning.
* * * LOW HITPOINT WARNING * * *
The lightning grounds out.
* * * LOW HITPOINT WARNING * * *
Menkaure hits you!
You die...
Your body glows slightly and disappears.

#....#............#...
#....#............'... ###
##...###..##..##..##.#
##.#######'#####..##..##..####
#.......#....................#
#.....[.#....................'
#.......#....................#
#.......#.....)..............#
#.......#....@M..............#
#.......#....................#
#.......#....................#
#####..##..########:..###########
...######..###...##...##.####...#
.......#..........#.........#....
.......#.........)#.........#....
.......#..........#.........#....
.......#..........#.........#....


You could see Menkaure.

Vanquished Creatures
  A black bear (D:5)
  An ogre (D:4)
  A scorpion (D:3)
  A hound (D:4)
  A jelly (D:4)
  4 orc priests
  A sleepcap (D:4)
  An orc wizard (D:4)
  5 adders
  3 worms
  3 dart slugs
  15 orcs
  4 ball pythons
  9 endoplasms
  8 giant cockroaches
  5 goblins
  3 hobgoblins
  4 jackals (D:2)
  5 quokkas
  8 bats
  3 frilled lizards (D:1)
  A jackal skeleton (D:3)
  6 kobolds
  10 rats
103 creatures vanquished.

Notes
Turn   | Place    | Note
-------+----------+-------------------------------------------
     0 | D:1      | dolemite99 the Djinni Conjurer began the quest for the Orb.
     0 | D:1      | dolemite99 set off with the following spells memorised:
                  | Magic Dart, Searing Ray, Dazzling Flash, Fulminant Prism,
                  | Iskenderun's Mystic Blast.
     0 | D:1      | Reached XP level 1. HP: 15/15 MP: 0/0
   136 | D:1      | Reached XP level 2. HP: 18/21 MP: 0/0
   417 | D:1      | Found a faded altar of an unknown god.
   429 | D:1      | Reached XP level 3. HP: 23/25 MP: 0/0
   429 | D:1      | Learned a level 1 spell: Slow
   434 | D:1      | Got Plato's Grimoire of Therianthropy
   438 | D:1      | Prayed at the altar of an unknown god.
   438 | D:1      | Became a worshipper of Nemelex Xobeh the Trickster
   438 | D:1      | Reached * piety under Nemelex Xobeh
   438 | D:1      | Received a gift from Nemelex Xobeh
   534 | D:1      | Reached skill level 4 in Spellcasting
   899 | D:2      | Reached XP level 4. HP: 25/31 MP: 0/0
  1233 | D:2      | Reached ** piety under Nemelex Xobeh
  1477 | D:2      | Found a runed translucent door.
  1478 | D:2      | Noticed Crazy Yiuf
  1955 | D:3      | Noticed a scorpion
  1961 | D:3      | Killed a scorpion
  1962 | D:3      | Reached XP level 5. HP: 31/35 MP: 0/0
  1962 | D:3      | Learned a level 2 spell: Static Discharge
  2017 | D:3      | Reached skill level 5 in Spellcasting
  2026 | D:3      | Found a glowing golden altar of the Shining One.
  2120 | D:3      | Gained mutation: Your spells are a little harder to cast,
                  | but a little more powerful. [potion of mutation]
  2120 | D:3      | Gained mutation: You have hidden genetic potential. [potion
                  | of mutation]
  2120 | D:3      | Gained mutation: Your mind is acute. (Int +4, Str/Dex -1)
                  | [potion of mutation]
  2134 | D:3      | Reached XP level 6. HP: 11/40 MP: 0/0
  2451 | D:3      | Received a gift from Nemelex Xobeh
  2560 | D:3      | Found a bloodstained altar of Trog.
  2769 | D:3      | Found a runed translucent door.
  2769 | D:3      | Noticed a human
  2785 | D:3      | Found a basalt altar of Yredelemnul.
  3000 | D:3      | Found a sacrificial altar of Ru.
  3119 | D:3      | Found a sparkling altar of Nemelex Xobeh.
  3123 | D:3      | Reached *** piety under Nemelex Xobeh
  3320 | D:4      | Found Wateel Xerr's Armour Emporium.
  3339 | D:4      | Gained mutation: Your mind is very acute. (Int +8, Str/Dex
                  | -2) [hidden potential]
  3393 | D:4      | Bought a +0 cloak for 45 gold pieces
  3406 | D:4      | Noticed an ogre
  3411 | D:4      | Killed an ogre
  3494 | D:4      | Reached XP level 7. HP: 17/45 MP: 0/0
  3494 | D:4      | Learned a level 2 spell: Scorch
  4384 | D:4      | Gained mutation: You expend health (3 HP) to strengthen
                  | your wands. [hidden potential]
  4384 | D:4      | Lost mutation: You have hidden genetic potential. [hidden
                  | potential expressed]
  5038 | D:5      | Entered Level 5 of the Dungeon
  5066 | D:5      | Noticed Menkaure
  6003 | D:4      | Mangled by Menkaure

Illustrated notes

Levels and vault maps discovered:
D:1:      dpeg_arrival_chambers_temple_mockup, layout_basic,
          shapermc_ecumenical_altar_rom_forum
D:2:      layout_loops_corners, uniq_crazy_yiuf_cottage
D:3:      layout_basic, old_standard_altar, pf_just_have_faith,
          dk_yredelemnul_ordeal, nemelex_dance_club_becter, marbit_many_paths,
          old_standard_altar, minmay_bisected
D:4:      layout_gridville, serial_shops, shop
D:5:      layout_rooms, grunt_dithmenos_smoke, chequers_serial_rivers_micro_b,
          minmay_stone_trees_medium, grunt_ministairs_12, uniq_menkaure

Skill      XL: |  1  2  3  4  5  6  7 |
---------------+----------------------+-----
Spellcasting   | 4 5 |  5.6
Invocations    | 3 4 |  4.8
Dodging        | |  2.1
Stealth        | |  1.5

Action                     |  1- 3 |  4- 6 |  7- 9 || total
---------------------------+-------+-------+-------++-------
  Melee: Hand axe          |       |     6 |       ||     6
         Short sword       |       |     1 |       ||     1
         Dagger            |       |    47 |     6 ||    53
   Cast: Magic Dart        |    64 |    81 |    21 ||   166
         Searing Ray       |       |     2 |       ||     2
         Static Discharge  |       |     6 |     9 ||    15
    Use: Potion            |       |     3 |     1 ||     4
   Stab: Sleeping          |       |     1 |       ||     1
 Armour: Robe              |     1 |    13 |     8 ||    22
  Dodge: Dodged            |     2 |    44 |    15 ||    61
